 Dungeon Crawl Stone Soup version 0.27.0-1-g7a089689b8 (webtiles) character file.

Game seed: 14203722889176266721

22922 Froggeryz the Unseen (level 13, -6/132 HPs)
             Began as an Octopode Berserker on Aug 5, 2021.
             Was a High Priest of Trog.
             Killed from afar by a rime drake (19 damage)
             ... with a flash freeze
             ... on level 1 of the Lair of Beasts.
             The game lasted 00:15:35 (15368 turns).

Froggeryz the Unseen (Octopode Berserker)          Turns: 15368, Time: 00:15:36

Health: -6/132     AC:  1    Str: 17    XL:     13   Next: 3%
Magic:  13/13      EV: 19    Int: 13    God:    Trog [*****.]
Gold:   281        SH: 10    Dex: 16    Spells: 12/12 levels left

rFire    . . .     SeeInvis +   u - +2 dagger (drain)
rCold    . . .     Faith    .   q - +0 buckler
rNeg     . . .     Spirit   .   (helmet restricted)
rPois    .         Reflect  +   p - amulet of reflection
rElec    .         Harm     .   j - ring "Riso" {+Blink Int+4 SInv}
rCorr    .         Rampage  .   y - ring of willpower
Will     +....                  z - +4 ring of slaying
Stlth    ..........             (no ring)
HPRegen  0.32/turn              (no ring)
MPRegen  0.13/turn              (no ring)
                                (no ring)
                                (no ring)

@: berserking, very quick
A: almost no armour, amphibious, 8 rings, camouflage 1, gelatinous body 1,
(nimble swimmer 1), tentacles
a: Renounce Religion, Evoke Blink, Berserk, Trog's Hand, Brothers in Arms


You were on level 1 of the Lair of Beasts.
You worshipped Trog.
Trog was extremely pleased with you.
You visited 3 branches of the dungeon, and saw 14 of its levels.
You also visited: Ossuary.

You collected 1573 gold pieces.
You spent 1292 gold pieces at shops.

Inventory:

Hand Weapons
 u - a +2 dagger of draining (weapon)
Missiles
 g - 5 throwing nets
 l - 22 poisoned darts (quivered)
 A - 5 boomerangs
Armour
 q - a +0 buckler (worn)
Jewellery
 j - the ring "Riso" (left tentacle) {+Blink Int+4 SInv}
   (You acquired it on level 7 of the Dungeon)

   [ring of see invisible]

   Int:       It affects your intelligence (+4).
   SInv:      It lets you see invisible.
   +Blink:    It lets you blink.
 p - an amulet of reflection (around mantle)
 y - a ring of willpower (right tentacle)
 z - a +4 ring of slaying (on tentacle)
Wands
 k - a wand of charming (10)
 o - a wand of flame (15)
 t - a wand of paralysis (9)
 D - a wand of iceblast (18)
 F - a wand of polymorph (6)
Scrolls
 b - a scroll of brand weapon {unknown}
 c - 6 scrolls of teleportation
 e - 3 scrolls of enchant armour {unknown}
 i - 2 scrolls of blinking {unknown}
 v - a scroll of silence {unknown}
 w - a scroll of magic mapping
 x - 2 scrolls of noise {unknown}
Potions
 a - a potion of invisibility {unknown}
 d - a potion of berserk rage {unknown}
 f - 2 potions of haste
 h - 2 potions of might {unknown}
 m - 3 potions of curing
 n - a potion of ambrosia {unknown}
 r - 3 potions of mutation {unknown}
 s - 2 potions of lignification {unknown}
 C - a potion of degeneration {unknown}
 E - a potion of flight {unknown}


   Skills:
 + Level 7.9 Fighting
 - Level 11.0 Short Blades
 - Level 4.0 Throwing
 + Level 11.1 Dodging
 + Level 15.7 Stealth
 - Level 5.0 Shields


You had 12 spell levels left.
You didn't know any spells.
Your spell library was empty.

Dungeon Overview and Level Annotations

Branches:
Dungeon (12/15)            Temple (1/1) D:5            Lair (1/6) D:9
    Orc (0/2) D:11        Ossuary (visited)

Altars:
Dithmenos
Fedhas
Makhleb
Qazlal
Ru
Uskayaw
Vehumet
Wu Jian
Xom
Yredelemnul
Zin
The Shining One
Jiyva

Shops:
D:7 ***   D:8 =

Annotations:
D:7 exclusion: 2 doors
D:10 3 runed translucent doors, fram's ghost, novice FoWr
D:12 2 transporters, exclusion: 2 oklob plants, Xqipyl's ghost, journeyman GrFE


Innate Abilities, Weirdness & Mutations

You cannot wear most types of armour.
You are amphibious.
You can wear up to eight rings at the same time.
Your skin changes colour to match your surroundings (Stealth+).
Your rubbery body absorbs attacks. (AC +1, EV +1)
((You are camouflaged near water. (Stealth+)))
You have tentacles for arms and can constrict up to eight enemies at once.


Message History

You hit the four-headed hydra. You drain the four-headed hydra.
The four-headed hydra is lightly wounded.
A komodo dragon comes into view.
The four-headed hydra bites you! x2
The four-headed hydra closely misses you.
You block the four-headed hydra's attack.
As you read the scroll of fear, it crumbles to dust.
You assume a fearsome visage.
The fungus is unaffected.
The komodo dragon looks frightened!
The four-headed hydra resists with some effort.
The basilisk looks frightened!
The water moccasin looks frightened!
The four-headed hydra bites you.
You block the four-headed hydra's attack.
The four-headed hydra misses you. x2
A red film seems to cover your vision as you go berserk!
You feel yourself moving faster!
You feel mighty! The four-headed hydra bites you!
* * * LOW HITPOINT WARNING * * *
The four-headed hydra bites you!
* * * LOW HITPOINT WARNING * * *
The four-headed hydra misses you.
The four-headed hydra bites you but does no damage.
You puncture the four-headed hydra!
The four-headed hydra is lightly wounded.
You puncture the four-headed hydra! You drain the four-headed hydra.
The four-headed hydra is heavily wounded.
You block the four-headed hydra's attack. x2
The four-headed hydra bites you!
* * * LOW HITPOINT WARNING * * *
You block the four-headed hydra's attack.
You impale the four-headed hydra!! You drain the four-headed hydra.
You squeeze the four-headed hydra!
You kill the four-headed hydra!
Trog accepts your kill.
You have reached level 13!
A rime drake comes into view.
You feel a strong urge to attack something.
The rime drake breathes ice at you. The flash freeze hits you!!
You die...

#...## ##.#...#
#....## ###....#
###...##. ##....###
#..... .......
####k..# #....
...... #.#..###
P.... #......# #l.P
#......## #..#
#...#P...### #..#
#...###...@.#
###..## P.#.#
##....######.#...#
...#
##.#..†.....l...#
...
##.................
..
##.......#S..#....
####.###########P
###


You could see a rime drake (catching breath).

Vanquished Creatures
  A boulder beetle (D:12)
  Harold (D:7)
  4 hydras
  A centaur warrior (D:9)
  A death knight (D:12)
  2 two-headed ogres
  A skeletal warrior (D:12)
  A deep troll (D:9)
  3 deep elf pyromancers
  A phantasmal warrior (D:12)
  3 cyclopes
  2 gargoyles
  2 unseen horrors
  A komodo dragon (D:11)
  5 trolls
  2 hornets (D:8)
  6 slime creatures (D:12)
  2 wyverns
  2 vampires (D:9)
  17 yaks
  A basilisk (D:9)
  2 wraiths (D:12)
  3 vampire mosquitoes (D:12)
  3 wargs (D:9)
  2 acid dragons
  Duvessa (D:4)
  A water moccasin (Lair:1)
  An ice beast (D:6)
  2 orc warriors
  A necrophage (D:5)
  2 ogres
  3 centaurs
  A phantom (D:4)
  4 elf zombies (Ossuary)
  A kobold brigand (D:9)
  2 bullfrogs (D:8)
  2 wyvern zombies (D:7)
  Dowan (D:4)
  2 scorpions (D:6)
  A wyvern skeleton (D:5)
  A jelly (D:6)
  5 killer bees (D:7)
  18 wights
  3 howler monkeys
  2 centaur zombies
  4 crimson imps (D:3)
  A human zombie (Ossuary)
  Crazy Yiuf (D:4)
  2 orc priests
  2 hounds
  6 orc wizards
  2 iguanas
  A killer bee zombie (D:5)
  A hound zombie (Ossuary)
  3 mummies (Ossuary)
  A hound skeleton (D:4)
  7 adders
  A howler monkey skeleton (D:6)
  3 white imps
  2 adder zombies (Ossuary)
  4 worms
  3 dart slugs
  12 orcs
  3 endoplasms
  4 giant cockroaches
  A gnoll zombie (Ossuary)
  7 goblins
  8 hobgoblins
  9 jackals
  10 kobolds
  3 quokkas
  2 ball pythons
  6 bats
  A goblin zombie (Ossuary)
  3 hobgoblin zombies (Ossuary)
  5 jackal zombies (Ossuary)
  4 kobold zombies (Ossuary)
  3 orc zombies (Ossuary)
  3 quokka zombies (Ossuary)
  7 rats
  4 rat zombies (Ossuary)
262 creatures vanquished.

Vanquished Creatures (others)
  7 fungi
  A plant (D:9)
8 creatures vanquished.

Grand Total: 270 creatures vanquished

Notes
Turn   | Place    | Note
-------+----------+-------------------------------------------
     0 | D:1      | Froggeryz the Octopode Berserker began the quest for the
                  | Orb.
     0 | D:1      | Reached XP level 1. HP: 16/16 MP: 1/1
   204 | D:1      | Reached skill level 1 in Stealth
   348 | D:1      | Reached XP level 2. HP: 21/21 MP: 2/2
   994 | D:2      | Reached XP level 3. HP: 26/26 MP: 3/3
   996 | D:2      | Reached skill level 2 in Stealth
  1184 | D:2      | Reached ** piety under Trog
  1313 | D:2      | Reached XP level 4. HP: 14/31 MP: 4/4
  1736 | D:2      | Reached skill level 3 in Stealth
  2859 | D:3      | Found a shimmering altar of Xom.
  2877 | D:3      | Reached XP level 5. HP: 29/36 MP: 5/5
  2888 | D:3      | Reached skill level 5 in Short Blades
  3038 | D:3      | Reached skill level 4 in Stealth
  3107 | D:3      | Reached XP level 6. HP: 26/42 MP: 6/6
  3755 | D:3      | Found an ornate altar of the Wu Jian Council.
  3787 | D:3      | Found a faded altar of an unknown god.
  4270 | D:4      | Found a shadowy altar of Dithmenos.
  4518 | D:4      | Found a runed translucent door.
  4518 | D:4      | Noticed Duvessa
  4518 | D:4      | Noticed Dowan
  4529 | D:4      | Killed Duvessa
  4530 | D:4      | Reached skill level 5 in Stealth
  4533 | D:4      | Killed Dowan
  4534 | D:4      | Reached XP level 7. HP: 8/46 MP: 7/7
  4559 | D:4      | Noticed Crazy Yiuf
  4753 | D:4      | Killed Crazy Yiuf
  5003 | D:4      | Reached skill level 6 in Stealth
  5379 | D:5      | Entered Level 5 of the Dungeon
  5403 | D:5      | Found a staircase to the Ecumenical Temple.
  5501 | D:5      | Reached *** piety under Trog
  5678 | D:5      | Found a sand-covered staircase.
  5683 | Ossuary  | Entered an ossuary
  5767 | Ossuary  | Reached skill level 7 in Stealth
  5768 | Ossuary  | Reached XP level 8. HP: 25/52 MP: 8/8
  6155 | Ossuary  | Reached skill level 1 in Shields
  6850 | Temple   | Entered the Ecumenical Temple
  7987 | D:6      | Reached **** piety under Trog
  8092 | D:6      | Found a radiant altar of Vehumet.
  8092 | D:6      | Found a basalt altar of Yredelemnul.
  8092 | D:6      | Found a burning altar of Makhleb.
  8092 | D:6      | Found a sacrificial altar of Ru.
  8106 | D:6      | Reached XP level 9. HP: 40/56 MP: 9/9
  8326 | D:6      | Reached skill level 5 in Shields
  8671 | D:7      | Reached skill level 1 in Throwing
  8729 | D:7      | Found Facwus's Specific Store.
  8733 | D:7      | Found Iphimikant's General Store.
  8754 | D:7      | Bought a scroll of identify for 28 gold pieces
  8757 | D:7      | Identified 3 scrolls of acquirement
  8757 | D:7      | Acquired 872 gold pieces
  8759 | D:7      | Bought a scroll of identify for 28 gold pieces
  8760 | D:7      | Acquired the ring "Riso" {+Blink Int+4 SInv}
  8764 | D:7      | Acquired an amulet of reflection
  8803 | D:7      | Noticed Harold
  8814 | D:7      | Killed Harold
  8815 | D:7      | Reached skill level 10 in Short Blades
  9608 | D:7      | Found Ugiak's Gadget Gallery.
 10033 | D:8      | Found a glowing golden altar of the Shining One.
 10149 | D:8      | Noticed a hornet
 10154 | D:8      | Reached XP level 10. HP: 63/63 MP: 10/10
 10306 | D:8      | Found Ijal's Jewellery Boutique.
 10316 | D:8      | Bought a ring of willpower for 300 gold pieces
 10316 | D:8      | Bought a +4 ring of slaying for 936 gold pieces
 10439 | D:8      | Reached skill level 8 in Stealth
 10820 | D:9      | Reached skill level 9 in Stealth
 10887 | D:9      | Found a stormy altar of Qazlal.
 10889 | D:9      | Found a staircase to the Lair.
 10901 | D:9      | Reached skill level 5 in Dodging
 11236 | D:9      | Reached ***** piety under Trog
 11289 | D:9      | Found a glowing silver altar of Zin.
 11311 | D:9      | Reached skill level 10 in Stealth
 11411 | D:9      | Found a blossoming altar of Fedhas.
 11519 | D:9      | Noticed a four-headed hydra
 11526 | D:9      | Killed a four-headed hydra
 11527 | D:9      | Reached skill level 11 in Stealth
 11764 | D:9      | Noticed a cyclops
 11767 | D:9      | Killed a cyclops
 11768 | D:9      | Reached XP level 11. HP: 67/67 MP: 11/11
 11770 | D:9      | Noticed a deep elf pyromancer
 11773 | D:9      | Killed a deep elf pyromancer
 11777 | D:9      | Noticed a deep troll
 11781 | D:9      | Noticed an eight-headed hydra
 11784 | D:9      | Killed an eight-headed hydra
 11785 | D:9      | Reached skill level 12 in Stealth
 11785 | D:9      | Noticed a deep elf pyromancer
 11788 | D:9      | Killed a deep elf pyromancer
 11793 | D:9      | Killed a deep troll
 11805 | D:9      | Noticed a centaur warrior
 11812 | D:9      | Killed a centaur warrior
 11961 | D:9      | Reached skill level 13 in Stealth
 12375 | D:10     | Entered Level 10 of the Dungeon
 12613 | D:10     | Found a hide-covered altar of Uskayaw.
 12907 | D:10     | Found a runed translucent gate.
 12907 | D:10     | Found a runed translucent gate.
 12907 | D:10     | Found a runed translucent gate.
 12911 | D:10     | Noticed fram's ghost (novice FoWr)
 12913 | D:10     | Found a viscous altar of Jiyva.
 13333 | D:11     | Noticed a cyclops
 13340 | D:11     | Killed a cyclops
 13341 | D:11     | Reached XP level 12. HP: 76/76 MP: 12/12
 13389 | D:11     | Noticed a four-headed hydra
 13399 | D:11     | Killed a four-headed hydra
 13400 | D:11     | Reached skill level 5 in Fighting
 13400 | D:11     | Reached skill level 14 in Stealth
 13732 | D:11     | Found a staircase to the Orcish Mines.
 14093 | D:11     | Noticed a two-headed ogre
 14102 | D:11     | Killed a two-headed ogre
 14103 | D:11     | Reached skill level 10 in Dodging
 14184 | D:11     | Identified the +9 whip of Vodka {flame, Str+5}
 14337 | D:12     | Found a transporter.
 14345 | D:12     | Noticed a boulder beetle
 14365 | D:12     | Killed a boulder beetle
 14485 | D:12     | Noticed a tengu warrior
 14485 | D:12     | Noticed Xqipyl's ghost (journeyman GrFE)
 14624 | D:12     | Found a transporter.
 14626 | D:12     | Noticed a two-headed ogre
 14697 | D:12     | Noticed a two-headed ogre
 14718 | D:12     | Killed a two-headed ogre
 14719 | D:12     | Reached skill level 15 in Stealth
 15131 | D:12     | Noticed a death knight
 15193 | D:12     | Killed a death knight
 15303 | Lair:1   | Entered Level 1 of the Lair of Beasts
 15349 | Lair:1   | Noticed a four-headed hydra
 15366 | Lair:1   | Killed a four-headed hydra
 15367 | Lair:1   | Reached XP level 13. HP: 13/88 MP: 13/13
 15368 | Lair:1   | Killed from afar by a rime drake

Illustrated notes

Levels and vault maps discovered:
D:1:      amcnicky_arrival_feature_with_door, layout_basic,
          minmay_misc_feat_alley, minmay_misc_feat_tower,
          amcnicky_mini_rare_corridor_liquid
D:2:      layout_basic
D:3:      layout_loops_corners, led_xom_imps,
          nicolae_wu_jian_immortal_techniques, basic_ecumenical_altar
D:4:      layout_loops_corners, nicolae_dithmenos_shadow_blocks, minmay_bent,
          uniq_crazy_yiuf_cottage, uniq_duvessa
D:5:      layout_gridville, temple_doors_e, enter_ossuary_2
D:6:      layout_layer_cave, grunt_temple_overflow_cloverleaf
D:7:      layout_cave_pools, minmay_misc_feat_room, grunt_ministairs_13,
          nicolae_specific_store, kennysheep_cross_room, minivault_26,
          nicolae_shop_gadgets, uniq_harold
D:8:      layout_loops_ring, mainiacjoe_overflow_cross_hatched, serial_shops,
          nicolae_lakefront_shop
D:9:      layout_small_grid, mainiacjoe_overflow_boulevard, fedhas_altar_3,
          zin_treasury, erik_lair_orcish_takeover, minmay_evil_grid
D:10:     layout_long_grid, mainiacjoe_overflow_alcove_1, gammafunk_ghost_ooze
D:11:     layout_long_grid, orc_0_dummy
D:12:     layout_roguey, nzn_ghost_randoct
Temple:   compressed_dpeg_circular_temple
Lair:1:   layout_concentric_octagons, lemuel_fruit_fields,
          infiniplex_staircase_pool

Skill      XL: |  1  2  3  4  5  6  7  8  9 10 11 12 |
---------------+-------------------------------------+-----
Stealth        | 1 2 3 4 5 7 11 13 15 | 15.7
Short Blades   | 4 5 6 7 9 11 | 11.0
Shields        | 4 5 |  5.0
Throwing       | 4 |  4.0
Dodging        | 7 9 11 | 11.1
Fighting       | 4 7 |  7.9

Action                   |  1- 3 |  4- 6 |  7- 9 | 10-12 | 13-15 || total
-------------------------+-------+-------+-------+-------+-------++-------
Melee: Short sword       |    61 |   123 |   253 |    33 |       ||   470
       Constrict         |    19 |    28 |    50 |    31 |       ||   128
       Tentacles         |    11 |    19 |    70 |   116 |       ||   216
       Dagger            |       |       |       |   356 |       ||   356
Throw: Dart              |       |       |       |     8 |       ||     8
Invok: Berserk           |       |     3 |    11 |    19 |       ||    33
       Trog's Hand       |       |     1 |       |     2 |       ||     3
Evoke: Wand              |       |       |     1 |     4 |       ||     5
  Use: Scroll            |       |       |     8 |     3 |       ||    11
 Stab: Sleeping          |     5 |    12 |    13 |    21 |       ||    51
       Paralysed         |       |       |       |     2 |       ||     2
Armor: Skin              |     7 |     7 |     7 |     9 |       ||    30
Dodge: Dodged            |    38 |    63 |   104 |   122 |       ||   327
Block: Buckler           |       |       |    16 |    97 |       ||   113
       Reflection        |       |       |       |     3 |       ||     3
